 Dungeon Crawl Stone Soup version 0.22-a0-460-g49b1da7 (webtiles) character file.

34053 Tallim the Severer (level 13, -39/116 HPs)
             Began as a Minotaur Berserker on June 10, 2018.
             Was a High Priest of Trog.
             Annihilated by a very large slime creature (45 damage)
             ... on level 1 of the Pits of Slime.
             The game lasted 00:52:18 (13412 turns).

Tallim the Severer (Minotaur Berserker)            Turns: 13412, Time: 00:52:19

Health: -39/116    AC: 17    Str: 30    XL:     13   Next: 40%
Magic:  12/12      EV: 12    Int:  7    God:    Trog [*****.]
Gold:   660        SH:  0    Dex: 10    Spells: 12/12 levels left

rFire    . . .     SeeInvis .   v - +11 war axe "Qedd" {holy, rC+ MR- Str+6}
rCold    + . .     Gourm    .   e - +2 shield
rNeg     + . .     Faith    .   V - +0 pearl dragon scales
rPois    .         Spirit   .   (helmet restricted)
rElec    .         Reflect  .   (no cloak)
rCorr    +         Harm     .   (no gloves)
MR       .....                  B - +1 pair of boots
Stlth    ..........             (no amulet)
HPRegen  0.29/turn              y - ring of protection from magic
MPRegen  0.13/turn              l - ring of resist corrosion

@: confused
A: retaliatory headbutt, horns 2
a: Berserk, Trog's Hand, Brothers in Arms, Renounce Religion


You were on level 1 of the Pits of Slime.
You worshipped Trog.
Trog was extremely pleased with you.
You were not hungry.

You visited 3 branches of the dungeon, and saw 14 of its levels.

You collected 930 gold pieces.
You spent 270 gold pieces at shops.

Inventory:

Hand Weapons
 v - the +11 war axe "Qedd" (weapon) {holy, rC+ MR- Str+6}
   (You found it on level 7 of the Dungeon)

   It has been blessed by the Shining One to cause great damage to the undead
   and demons.
   It affects your strength (+6).
   It protects you from cold.
   It affects your resistance to hostile enchantments.
 L - a +1 antimagic broad axe
 N - a +3 antimagic great sword
 W - a +2 vampiric battleaxe
Missiles
 p - 15 tomahawks (quivered)
 w - 6 javelins of penetration
Armour
 e - a +2 shield (worn)
 s - a +0 chain mail
 B - a +1 pair of boots (worn)
 D - a +0 plate armour
 V - +0 pearl dragon scales (worn)
Jewellery
 f - an uncursed ring of protection from cold {unknown}
 j - an uncursed ring of wizardry
 l - a ring of resist corrosion (right hand)
 y - a ring of protection from magic (left hand)
 C - an uncursed amulet of magic regeneration
 G - an uncursed ring of fire {unknown}
 M - a +5 ring of strength
 R - an uncursed ring of protection from fire {unknown}
Wands
 d - a wand of enslavement (15)
 r - a wand of polymorph (8)
 E - a wand of random effects (59)
 S - a wand of iceblast (4)
 U - a wand of paralysis (11)
Scrolls
 b - 2 scrolls of enchant weapon
 i - a scroll of remove curse
 k - 3 scrolls of amnesia
 m - 3 scrolls of blinking
 t - a scroll of summoning {unknown}
 u - 3 scrolls of enchant armour {unknown}
 H - 2 scrolls of fog {unknown}
 K - 2 scrolls of brand weapon {unknown}
 O - 2 scrolls of torment {unknown}
 T - a scroll of holy word {unknown}
 X - 2 scrolls of magic mapping {unknown}
 Z - 4 scrolls of identify
Potions
 a - a potion of haste {unknown}
 g - a potion of resistance
 h - 2 potions of might
 n - 2 potions of curing
 o - 3 potions of agility {unknown}
 q - a potion of heal wounds {unknown}
 z - 3 potions of magic {unknown}
 A - 2 potions of mutation {unknown}
 I - 2 potions of flight {unknown}
 J - 2 potions of brilliance {unknown}
 P - a potion of berserk rage {unknown}
 Q - a potion of invisibility {unknown}
 Y - a potion of lignification {unknown}
Comestibles
 c - 18 rations


   Skills:
 + Level 11.3 Fighting
 + Level 15.5 Axes
 + Level 2.0 Throwing
 + Level 11.1 Armour
 + Level 6.0 Dodging
 + Level 1.9 Stealth
 + Level 14.5 Shields


You had 12 spell levels left.
You didn't know any spells.
Your spell library contained the following spells:

 Spells                   Type           Power        Failure   Level  Hunger
 Lightning Bolt           Conj/Air       #.........   100%        5    ######.
 Animate Dead             Necr           N/A          100%        4    #####..
 Pain                     Necr           #...         69%         1    ##.....
 Animate Skeleton         Necr           N/A          69%         1    ##.....
 Vampiric Draining        Necr           #.........   96%         3    ####...
 Regeneration             Chrm/Necr      #.........   96%         3    ####...
 Shock                    Conj/Air       #...         69%         1    ##.....
 Swiftness                Chrm/Air       #.......     83%         2    ###....
 Airstrike                Air            #.........   100%        4    #####..
 Static Discharge         Conj/Air       #.......     96%         3    ####...


Dungeon Overview and Level Annotations

Branches:
Dungeon (8/15)             Temple (0/1) D:7            Lair (5/6) D:8
  Swamp (0/4) Lair:2       Spider (0/4) Lair:2        Slime (1/5) Lair:5

Altars:
Ashenzari
Cheibriados
Elyvilon
Makhleb
Nemelex Xobeh
Okawaru
Trog
Xom

Shops:
D:6 *


Innate Abilities, Weirdness & Mutations

You reflexively headbutt those who attack you in melee.
You have a pair of horns on your head.


Message History

You are more confused.
You are splashed with acid!
The walls burn you! You resist. The golden eye blinks at you.
You are more confused.
The golden eye blinks at you.
You are more confused.
The slime creature hits you but does no damage.
You slash the very large slime creature!
Your headbutt misses the very large slime creature.
The very large slime creature is lightly wounded.
You slash the very large slime creature!
You slash the slime creature!
You are splashed with acid!
The walls burn you! You resist.
* * * LOW HITPOINT WARNING * * *
The golden eye blinks!
The very large slime creature jiggles.
The very large slime creature hits you!!
* * * LOW HITPOINT WARNING * * *
The very large slime creature hits you!!!
You die...

### ##.##
#..@### #
##JJJ.##
##.##G#....#
#.........#..#
##.##.........#
#. #.ยง........
# ............
#....##......
....... ......


You could see 2 very large slime creatures, a slime creature and a golden eye.

Vanquished Creatures
  Josephine (Lair:4)
  A catoblepas (Lair:5)
  5 hydras
  A death yak (Lair:5)
  The ghost of Irindil the Magician, a novice GnSk of Ashenzari (D:8)
  An alligator (Lair:4)
  The ghost of emperorscorpion the Cruncher, a novice GrBe of Trog (D:7)
  A swamp dragon (Lair:4)
  3 black mambas
  14 spiny frogs
  4 komodo dragons
  4 rime drakes
  A bog body (Lair:2)
  A polar bear (Lair:4)
  5 slime creatures
  A hornet (Lair:2)
  10 blink frogs
  4 hippogriffs
  A wyvern (Lair:3)
  3 wraiths (Lair:4)
  2 basilisks
  16 yaks
  A vampire mosquito (Lair:4)
  7 swamp worms
  8 water moccasins
  11 porcupines
  Duvessa (D:4)
  An orc warrior (D:7)
  A swamp drake (Lair:4)
  2 black bears
  2 phantoms
  A necrophage (D:5)
  10 wolves
  3 ogres
  2 centaurs
  5 crocodiles
  A wyvern zombie (D:7)
  21 bullfrogs
  Dowan (D:4)
  5 scorpions
  53 killer bees
  4 wights (D:8)
  An electric eel (Lair:2)
  A howler monkey (D:4)
  2 crimson imps
  A centaur zombie (D:5)
  3 jellies (D:8)
  A bullfrog zombie (D:7)
  5 hounds
  2 centaur skeletons
  5 orc priests
  3 iguanas
  7 orc wizards
  6 worker ants
  A hound zombie (D:8)
  3 hound skeletons
  A howler monkey zombie (D:8)
  5 adders
  A howler monkey skeleton (D:8)
  6 oozes
  An adder zombie (D:5)
  5 worms
  4 dart slugs
  8 leopard geckos
  23 orcs
  4 ball pythons
  9 bats
  5 giant cockroaches
  10 goblins
  4 hobgoblins
  2 jackals (D:1)
  2 quokkas
  4 frilled lizards
  8 kobolds
  12 rats
  2 butterflies
  4 fungi
  A plant (Lair:4)
383 creatures vanquished.

Vanquished Creatures (collateral kills)
  Rupert (Lair:3)
  A hydra (Lair:3)
  Urug (Lair:3)
  A water moccasin (Lair:3)
  4 butterflies (Lair:3)
8 creatures vanquished.

Vanquished Creatures (others)
  2 fungi (Lair:3)
  5 plants
7 creatures vanquished.

Grand Total: 398 creatures vanquished

Notes
Turn   | Place    | Note
-------+----------+-------------------------------------------
     0 | D:1      | Tallim the Minotaur Berserker began the quest for the Orb.
     0 | D:1      | Reached XP level 1. HP: 19/19 MP: 0/0
   381 | D:1      | Reached skill level 4 in Axes
   381 | D:1      | Reached XP level 2. HP: 27/27 MP: 1/1
   925 | D:2      | Reached XP level 3. HP: 33/33 MP: 2/2
   941 | D:2      | Reached ** piety under Trog
   969 | D:2      | Found a snail-covered altar of Cheibriados.
  1022 | D:2      | Reached skill level 1 in Shields
  1072 | D:2      | Noticed an ogre
  1081 | D:2      | Killed an ogre
  1081 | D:2      | Reached XP level 4. HP: 10/41 MP: 3/3
  1366 | D:2      | Reached XP level 5. HP: 47/47 MP: 4/4
  1431 | D:2      | Found a sparkling altar of Nemelex Xobeh.
  1488 | D:2      | Found a white marble altar of Elyvilon.
  1490 | D:2      | Found a shattered altar of Ashenzari.
  1601 | D:2      | Reached skill level 5 in Axes
  1764 | D:3      | Found a sparkling altar of Nemelex Xobeh.
  1785 | D:3      | Found a shimmering altar of Xom.
  1785 | D:3      | Found an iron altar of Okawaru.
  2643 | D:4      | Noticed an ogre
  2651 | D:4      | Killed an ogre
  2651 | D:4      | Reached skill level 5 in Fighting
  2651 | D:4      | Reached XP level 6. HP: 14/56 MP: 5/5
  2942 | D:4      | Found a burning altar of Makhleb.
  3003 | D:4      | Reached skill level 6 in Axes
  3006 | D:4      | Reached *** piety under Trog
  3379 | D:4      | Noticed Duvessa
  3379 | D:4      | Noticed Dowan
  3386 | D:4      | Killed Duvessa
  3386 | D:4      | Reached XP level 7. HP: 61/61 MP: 6/6
  3387 | D:4      | Killed Dowan
  3524 | D:5      | Entered Level 5 of the Dungeon
  3639 | D:5      | Reached skill level 5 in Armour
  3809 | D:5      | Reached skill level 7 in Axes
  3841 | D:5      | Reached skill level 5 in Shields
  3986 | D:5      | Reached skill level 1 in Throwing
  3986 | D:5      | Reached XP level 8. HP: 69/69 MP: 7/7
  4107 | D:5      | Reached skill level 1 in Stealth
  4306 | D:6      | Found Hauli's Assorted Antiques.
  4316 | D:6      | Reached skill level 8 in Axes
  4569 | D:6      | Bought a pair of runed boots for 270 gold pieces
  5379 | D:7      | Reached **** piety under Trog
  5387 | D:7      | Found a flagged portal.
  5449 | D:7      | Got a smoking war axe
  5450 | D:7      | Identified the +11 war axe "Qedd" {holy, rC+ MR- Str+6} (You found it on level 7 of the Dungeon)
  5461 | D:7      | Reached skill level 9 in Axes
  5481 | D:7      | Noticed emperorscorpion's ghost (novice GrBe)
  5778 | D:7      | Reached XP level 9. HP: 67/75 MP: 8/8
  5828 | D:7      | Found a staircase to the Ecumenical Temple.
  5976 | D:7      | Killed emperorscorpion's ghost
  5976 | D:7      | Reached skill level 10 in Axes
  6262 | D:8      | Noticed Irindil's ghost (novice GnSk)
  6274 | D:8      | Killed Irindil's ghost
  6318 | D:8      | Reached skill level 11 in Axes
  6649 | D:8      | Noticed a komodo dragon
  6653 | D:8      | Reached XP level 10. HP: 86/86 MP: 9/9
  6661 | D:8      | Found a staircase to the Lair.
  6789 | D:8      | Reached ***** piety under Trog
  7025 | D:8      | Found a bloodstained altar of Trog.
  7136 | Lair:1   | Entered Level 1 of the Lair of Beasts
  7165 | Lair:1   | Received a gift from Trog
  7227 | Lair:1   | Noticed a spiny frog
  7235 | Lair:1   | Killed a spiny frog
  7235 | Lair:1   | Reached skill level 12 in Axes
  7622 | Lair:1   | Noticed an eight-headed hydra
  7630 | Lair:1   | Killed a 12-headed hydra
  7878 | Lair:1   | Noticed a spiny frog
  7884 | Lair:1   | Killed a spiny frog
  7884 | Lair:1   | Reached skill level 10 in Shields
  7927 | Lair:1   | Noticed a spiny frog
  7932 | Lair:1   | Killed a spiny frog
  7932 | Lair:1   | Reached XP level 11. HP: 82/95 MP: 10/10
  8479 | Lair:2   | Found a hole to the Spider Nest.
  8486 | Lair:2   | Paralysed by a hornet for 3 turns
  8718 | Lair:2   | Reached skill level 13 in Axes
  9039 | Lair:2   | Received a gift from Trog
  9202 | Lair:2   | Found a staircase to the Swamp.
  9617 | Lair:3   | Noticed Urug
  9627 | Lair:3   | Noticed a six-headed hydra
  9630 | Lair:3   | Noticed Rupert
  9632 | Lair:3   | Killed a six-headed hydra
  9633 | Lair:3   | Killed Urug
  9633 | Lair:3   | Reached XP level 12. HP: 73/106 MP: 11/11
  9637 | Lair:3   | Killed Rupert
  9677 | Lair:3   | Reached skill level 14 in Axes
  9954 | Lair:3   | Reached skill level 10 in Fighting
 10375 | Lair:3   | Reached skill level 10 in Armour
 10429 | Lair:3   | Noticed a five-headed hydra
 10443 | Lair:3   | Killed a 13-headed hydra
 10933 | Lair:4   | Noticed an eight-headed hydra
 10942 | Lair:4   | Killed an 11-headed hydra
 10942 | Lair:4   | Reached skill level 5 in Dodging
 10995 | Lair:4   | Noticed a five-headed hydra
 11009 | Lair:4   | Killed an 11-headed hydra
 11490 | Lair:4   | Noticed Josephine
 11506 | Lair:4   | Killed Josephine
 11506 | Lair:4   | Received a gift from Trog
 11506 | Lair:4   | Reached skill level 15 in Axes
 11506 | Lair:4   | Reached XP level 13. HP: 114/114 MP: 12/12
 12800 | Lair:5   | Found a staircase to the Slime Pits.
 13398 | Slime:1  | Entered Level 1 of the Pits of Slime
 13412 | Slime:1  | Annihilated by a very large slime creature

Vault maps used:
D:1:      sevenhm_arrival_forest_fort_small_3, minmay_misc_feat_ornament,
          serial_bayou_lake_a
D:2:      nicolae_overflow_hidden_temple, nemelex_lonely_heart_becter
D:3:      nemelex_altar_shiori, gammafunk_temple_overflow_pools
D:4:      bloody_makhleb, first_ration, uniq_duvessa
D:6:      serial_shops, nicolae_shop_window_shopping
D:7:      minmay_temple_entry_fiery, enter_bailey_3
D:8:      lightli_temple_of_fire, david_lair_shrubbed,
          hangedman_little_slice_of_home
Lair:1:   wad_woods_minihive, minivault_27
Lair:2:   nicolae_swamp_entry_splash_gauntlet, nicolae_spider_entry_non_spiders,
          beast_lair_carwin_10, grunt_megastairs_3, lemuel_fruit_fields
Lair:3:   lemuel_fruit_fields, uniq_rupert, uniq_urug
Lair:4:   onia_ninara_swampy_vault, uniq_josephine
Lair:5:   minmay_slime_entry_pillars, small_statue_intersection,
          serial_bayou_pond_c, nicolae_lair_yak_garden,
          infiniplex_staircase_pool_2

Skill      XL: |  1  2  3  4  5  6  7  8  9 10 11 12 13 |
---------------+----------------------------------------+-----
Axes           | 4 5 6 7 9 11 12 13 15 | 15.5
Fighting       | 4 5 6 7 8 9 10 11 | 11.3
Shields        | 2 3 5 6 7 10 12 14 | 14.5
Armour         | 3 4 5 7 8 9 10 11 | 11.1
Dodging        | 3 4 5 6 |  6.0
Throwing       | 1 2 |  2.0
Stealth        | 1 |  1.9

Action                   |  1- 3 |  4- 6 |  7- 9 | 10-12 | 13-15 || total
-------------------------+-------+-------+-------+-------+-------++-------
Melee: Hand axe          |    80 |   124 |    47 |       |       ||   251
       Headbutt          |     9 |    25 |    35 |    67 |    36 ||   172
       War axe           |       |       |   151 |   444 |   107 ||   702
Throw: Stone             |     3 |       |       |       |       ||     3
       Tomahawk          |       |     2 |    15 |       |       ||    17
Invok: Berserk           |       |     1 |     3 |     5 |     1 ||    10
       Brothers in Arms  |       |       |       |     3 |       ||     3
  Use: Scroll            |       |     7 |     9 |     3 |       ||    19
  Eat: Chunk             |       |     5 |     1 |     3 |     1 ||    10
       Ration            |       |     1 |     4 |     5 |     2 ||    12
Armor: Animal skin       |    12 |       |       |       |       ||    12
       Ring mail         |     7 |    16 |       |       |       ||    23
       Chain mail        |       |    19 |     5 |       |       ||    24
       Leather armour    |       |       |    13 |       |       ||    13
       Plate armour      |       |       |    42 |   130 |       ||   172
       Pearl dragon scal |       |       |       |    68 |    36 ||   104
Dodge: Dodged            |    43 |    31 |    47 |   123 |    38 ||   282
Block: Shield            |    34 |    53 |   106 |   381 |    77 ||   651

Table legend:
 A = Spawn XP
 B = Non-spawn XP
 C = Spawn XP percentage of total XP
 D = Spawn monster count
 E = Non-spawn monster count
 F = Spawn count percentage of total count
 G = Total turns spent on level
                    A         B        C        D         E        F      G
               +---------+---------+-------+---------+---------+-------+---------
         Total |       0 |   48648 |   0.0 |       0 |     380 |   0.0 | 13412
               +---------+---------+-------+---------+---------+-------+---------
           D:1 |       0 |      40 |   0.0 |       0 |      25 |   0.0 |   915
           D:2 |       0 |     210 |   0.0 |       0 |      27 |   0.0 |   835
           D:3 |       0 |      26 |   0.0 |       0 |      13 |   0.0 |   823
           D:4 |       0 |     615 |   0.0 |       0 |      21 |   0.0 |   951
           D:5 |       0 |     823 |   0.0 |       0 |      16 |   0.0 |   762
           D:6 |       0 |     409 |   0.0 |       0 |      16 |   0.0 |  1342
           D:7 |       0 |    1805 |   0.0 |       0 |      27 |   0.0 |   631
           D:8 |       0 |    2860 |   0.0 |       0 |      37 |   0.0 |   877
        Lair:1 |       0 |    5793 |   0.0 |       0 |      57 |   0.0 |  1336
        Lair:2 |       0 |    7432 |   0.0 |       0 |      48 |   0.0 |  1109
        Lair:3 |       0 |   10023 |   0.0 |       0 |      33 |   0.0 |  1352
        Lair:4 |       0 |   11831 |   0.0 |       0 |      37 |   0.0 |  1569
        Lair:5 |       0 |    6781 |   0.0 |       0 |      23 |   0.0 |   896
               +---------+---------+-------+---------+---------+-------+---------
